 Dungeon Crawl Stone Soup version 0.31-a0-968-g24f9ace8b5 (webtiles) character file.

Game seed: 8141120464593619491

1818052 Gladio the Master Archer (level 26, 153/153 HPs)
             Began as a Deep Elf Hunter on Oct 26, 2023.
             Was an Elder of Hepliaklqana.
             Escaped with the Orb
             ... and 3 runes on Oct 27, 2023!
             The game lasted 03:14:11 (58053 turns).

Gladio the Master Archer (Deep Elf Hunter)         Turns: 58053, Time: 03:14:11

Health: 153/153    AC: 14    Str:  5    XL:     26   Next: 16%
Magic:  46/46      EV: 54    Int: 26    God:    Hepliaklqana [****..]
Gold:   3797       SH: 13    Dex: 40    Spells: 30/31 levels left

rFire   + + .        E - +9 hand cannon (freeze)
rCold   + + .        l - +3 buckler {rF+}
rNeg    . . .        V - +3 robe "Myebramu" {rC+ Int-3 Dex+3}
rPois   +            c - +2 helmet
rElec   .            h - scarf {rC+ rF+}
rCorr   .            K - +2 pair of gloves
SInv    .            X - +2 pair of boots
Will    ++...        U - amulet of guardian spirit
Stlth   ++           J - ring of the Magpie {rPois MP+9 Int+6 Dex+6}
HPRegen 0.45/turn    f - +6 ring of dexterity
MPRegen 0.30/turn

%: guardian spirit
@: studying 3 skills
A: reduced essence, clever 1, frail 1, weak 1, inability to read after injury 1
0: Orb of Zot
}: 3/15 runes: barnacled, slimy, gossamer
a: Renounce Religion, Recall Ancestor, Ancestor Identity, Transference, Idealise


You escaped.
You worshipped Hepliaklqana.
Hepliaklqana was greatly pleased with you.
You visited 11 branches of the dungeon, and saw 52 of its levels.
You also visited: Gauntlet.

You collected 7190 gold pieces.
You spent 3393 gold pieces at shops.

Inventory:

Hand Weapons
 E - a +9 hand cannon of freezing (weapon)
Missiles
 y - 5 throwing nets
Armour
 c - a +2 helmet (worn)
 h - a scarf of resistance (worn)
 l - a +3 buckler of fire resistance (worn)
 F - a +3 buckler of poison resistance
 K - a +2 pair of gloves (worn)
 V - the +3 robe "Myebramu" (worn) {rC+ Int-3 Dex+3}
   (You found it on level 3 of the Lair of Beasts)

   Int-3:     It affects your intelligence (-3).
   Dex+3:     It affects your dexterity (+3).
   rC+:       It protects you from cold.
 X - a +2 pair of boots (worn)
Jewellery
 a - a ring of positive energy
 f - a +6 ring of dexterity (right hand)
 i - a ring of positive energy
 j - a ring of protection from cold
 H - a ring of protection from fire
 J - the ring of the Magpie (left hand) {rPois MP+9 Int+6 Dex+6}
   (You bought it in a shop on level 3 of the Depths)

   [ring of intelligence]

   Int+6:     It affects your intelligence (+6).
   Dex+6:     It affects your dexterity (+6).
   rPois:     It protects you from poison MP+9: It affects your magic capacity
   (+9).
 T - the ring of Recklessness {Ice Int+2}
   (You took it off Josephina on level 4 of the Depths)

   [ring of ice]

   Ice:       It enhances your ice magic.
   Int+2:     It affects your intelligence (+2).
   rF-:       It makes you vulnerable to fire.
   rC+:       It protects you from cold.
 U - an amulet of guardian spirit (around neck)
 W - a ring of protection from cold
Wands
 v - a wand of digging (13)
 B - a wand of flame (95)
 M - a wand of iceblast (30)
 P - a wand of light (63)
 Q - a wand of mindburst (32)
Scrolls
 d - 9 scrolls of noise
 e - 8 scrolls of immolation
 g - 3 scrolls of summoning
 k - 13 scrolls of teleportation
 m - 6 scrolls of vulnerability
 n - a scroll of enchant armour
 o - 2 scrolls of torment
 r - 13 scrolls of fog
 t - 31 scrolls of identify
 u - 3 scrolls of silence
 C - 10 scrolls of fear
 N - 4 scrolls of brand weapon
 Y - 9 scrolls of poison
Potions
 b - 4 potions of berserk rage
 q - 8 potions of magic
 w - 14 potions of lignification
 x - 9 potions of mutation
 z - 2 potions of haste
 A - 13 potions of might
 D - 11 potions of brilliance
 G - 7 potions of invisibility
 L - 4 potions of heal wounds
 O - 23 potions of curing
 R - 4 potions of resistance
 Z - 5 potions of ambrosia
Miscellaneous
 p - a condenser vane
 s - a lightning rod (4/4)
 S - a sack of spiders


   Skills:
 * Level 26.7 Fighting
 O Level 27 Ranged Weapons
 O Level 27 Dodging
 - Level 6.0 Stealth
 + Level 11.0 Shields
 - Level 3.0 Spellcasting
 + Level 17.0 Invocations


You had 30 spell levels left.
You knew the following spells:

 Your Spells              Type           Power      Damage    Failure   Level
a - Slow                  Hex            12%        N/A       14%         1

Your spell library contained the following spells:

 Spells                   Type           Power      Damage    Failure   Level
 Apportation              Tloc           6%         N/A       14%         1
 Kiss of Death            Conj/Necr      12%        2d6       14%         1
 Magic Dart               Conj           12%        1d3       14%         1
 Necrotise                Necr           12%        1d4       14%         1
 Sandblast                Erth           6%         2d5       14%         1
 Sting                    Tmut/Pois      12%        1d3       14%         1
 Summon Small Mammal      Summ           12%        N/A       14%         1
 Blink                    Tloc           6%         N/A       21%         2
 Call Imp                 Summ           6%         N/A       21%         2
 Cigotuvi's Dreadful Rot  Necr/Pois/Air  6%         N/A       21%         2
 Ensorcelled Hibernation  Hex/Ice        6%         N/A       21%         2
 Lesser Beckoning         Tloc           6%         N/A       21%         2
 Momentum Strike          Conj/Tloc      6%         3d8       21%         2
 Passwall                 Tmut/Erth      2%         N/A       21%         2
 Poisonous Vapours        Pois/Air       6%         N/A       21%         2
 Scorch                   Fire           6%         2d5       21%         2
 Searing Ray              Conj           6%         2d4       21%         2
 Static Discharge         Conj/Air       6%         3-4/arc   21%         2
 Sublimation of Blood     Necr           3%         N/A       21%         2
 Wereblood                Tmut           3%         N/A       21%         2
 Call Canine Familiar     Summ           3%         N/A       38%         3
 Confusing Touch          Hex            3%         N/A       38%         3
 Frozen Ramparts          Ice            6%         1d1       38%         3
 Ignite Poison            Fire/Tmut/Pois 3%         N/A       38%         3
 Mephitic Cloud           Conj/Pois/Air  3%         N/A       38%         3
 Ozocubu's Armour         Ice            3%         N/A       38%         3
 Sigil of Binding         Hex            3%         N/A       38%         3
 Stone Arrow              Conj/Erth      6%         3d7       38%         3
 Swiftness                Air            3%         N/A       38%         3
 Tukima's Dance           Hex            3%         N/A       38%         3
 Vampiric Draining        Necr           3%         2d6       38%         3
 Airstrike                Air            1%         2d(1-17)  80%         4
 Animate Dead             Necr           3%         N/A       80%         4
 Brom's Barrelling Bould  Conj/Erth      3%         2d3       80%         4
 Dimensional Bullseye     Hex/Tloc       1%         N/A       80%         4
 Dispel Undead            Necr           3%         3d7       80%         4
 Flame Wave               Conj/Fire      3%         2d5       80%         4
 Fulminant Prism          Conj/Hex       1%         3d5       80%         4
 Iskenderun's Mystic Bla  Conj/Tloc      3%         2d3       80%         4
 Leda's Liquefaction      Hex/Erth       1%         N/A       80%         4
 Manifold Assault         Tloc           3%         N/A       80%         4
 Olgreb's Toxic Radiance  Pois           3%         N/A       80%         4
 Petrify                  Tmut/Erth      3%         N/A       80%         4
 Sticky Flame             Conj/Fire      3%         2d3       80%         4
 Summon Lightning Spire   Summ/Air       3%         N/A       80%         4
 Agony                    Necr           3%         N/A       98%         5
 Alistair's Intoxication  Tmut/Pois      2%         N/A       98%         5
 Borgnjor's Vile Clutch   Necr/Erth      1%         N/A       98%         5
 Fireball                 Conj/Fire      1%         3d3       98%         5
 Freezing Cloud           Conj/Ice/Air   1%         6-21      98%         5
 Irradiate                Conj/Tmut      1%         3d12      98%         5
 Iskenderun's Battlesphe  Conj           3%         2d6       98%         5
 Metabolic Englaciation   Hex/Ice        1%         N/A       98%         5
 Silence                  Hex/Air        1%         N/A       98%         5
 Summon Forest            Summ/Tloc      1%         N/A       98%         5
 Bombard                  Conj/Erth      1%         9d1       100%        6
 Conjure Ball Lightning   Conj/Air       1%         3x3d6     100%        6
 Death Channel            Necr           1%         N/A       100%        6
 Dispersal                Tloc           1%         N/A       100%        6
 Eringya's Noxious Bog    Tmut/Pois      1%         4d6       100%        6
 Plasma Beam              Fire/Air       1%         2x1d11    100%        6
 Simulacrum               Ice/Necr       1%         N/A       100%        6
 Summon Cactus Giant      Summ           1%         N/A       100%        6
 Haunt                    Necr/Summ      1%         N/A       100%        7
 Malign Gateway           Summ/Tloc      1%         N/A       100%        7
 Orb of Destruction       Conj           1%         9d5       100%        7
 Spellforged Servitor     Conj/Summ      1%         N/A       100%        7
 Summon Hydra             Summ           1%         N/A       100%        7
 Discord                  Hex            1%         N/A       100%        8
 Disjunction              Tloc           1%         N/A       100%        8
 Ignition                 Fire           1%         3d3       100%        8
 Maxwell's Capacitive Co  Air            1%         ∞         100%        8
 Summon Horrible Things   Summ           1%         N/A       100%        8
 Dragon's Call            Summ           1%         N/A       100%        9
 Fire Storm               Conj/Fire      1%         8d1       100%        9


Dungeon Overview and Level Annotations

Branches:
Dungeon (15/15)            Temple (1/1) D:7            Lair (5/5) D:8
 Shoals (4/4) Lair:2       Spider (4/4) Lair:3        Slime (5/5) Lair:4
    Orc (2/2) D:11            Elf (3/3) Orc:2        Vaults (4/5) D:14
  Crypt (0/3) Vaults:2     Depths (4/4) D:15            Zot (5/5) Depths:4
Gauntlet (visited)

Altars:
Ashenzari
Cheibriados
Dithmenos
Elyvilon
Fedhas
Gozag
Hepliaklqana
Kikubaaqudgha
Makhleb
Nemelex Xobeh
Okawaru
Qazlal
Ru
Sif Muna
Trog
Uskayaw
Vehumet
Wu Jian
Xom
Yredelemnul
Zin
The Shining One
Jiyva
Lugonu

Shops:
D:3 *((?   D:5 *   D:7 [   D:8 [   D:13 [   Orc:2 !!**:*   Elf:1 (:   Elf:3 **
Vaults:1 (   Depths:1 =(?((   Depths:3 ==:

Portals:
Hell: Depths:1 Depths:2 Depths:3 Depths:4
Abyss: Depths:3
Pandemonium: Depths:1 Depths:2 Depths:4
Ziggurat: Depths:3

Annotations:
D:4 exclusion: wyvern
D:7 3 runed translucent doors, Nitrous's ghost, novice DEFE
Lair:2 3 runed translucent doors, exclusion: oklob plant, ongoing's ghost, journeyman FoFi
Vaults:3 1 runed translucent door, Ryrgheaf's ghost, veteran DgCj
Depths:3 exclusions: 2 liches and 2 more exclusions
Zot:4 2 transporters


Innate Abilities, Weirdness & Mutations

Your life essence is reduced to manifest your ancestor. (-10% HP)
Your mind is acute. (Int +4, Str/Dex -1)
You are frail. (-10% HP)
You are weak. (Str -2)
You occasionally lose the ability to read scrolls when taking damage.


Message History

There is a stone staircase leading up here.
You climb upwards.
Level annotation: exclusion: wyvern
There is a stone staircase leading down here.
HP restored.
You see here a +0 halberd.
There is a stone staircase leading up here.
You climb upwards.
There is a stone staircase leading down here.
You see here a +0 spear.
There is an open door here.
There is an open door here.
There is a stone staircase leading up here.
You climb upwards.
There is a stone staircase leading down here.
You see here a +0 tower shield.
A reaper comes into view. It is wielding a +1 heavy scythe.
You shoot a bolt. The bolt hits the reaper!
The bolt freezes the reaper.
The reaper is lightly wounded.
You shoot a bolt. The bolt hits the reaper!!
The bolt freezes the reaper!
The reaper is severely wounded.
You shoot a bolt. The bolt closely misses the reaper.
You block the reaper's attack.
You shoot a bolt. The bolt hits the reaper!!!
The bolt freezes the reaper.
You kill the reaper!
No target in view!
What level of the Dungeon? (default 1, ? - help)
An ice devil comes into view.
You shoot a bolt. The bolt hits the ice devil.
The ice devil is lightly wounded.
You shoot a bolt. The bolt hits the ice devil!!!
You kill the ice devil!
No target in view!
What level of the Dungeon? (default 1, ? - help)
There is an open door here.
There is a stone staircase leading up here.
You climb upwards.
There is a stone staircase leading down here.
There is a staircase leading out of the dungeon here.
You have escaped!

####...#......≈..÷≈.......###
..)#...#.....8≈...≈8......#
.#...#........≈...≈.......#
.#..###.......≈...≈......##
.....###.....8≈...≈8.....#
##............≈...≈......#
#.#.........§.....≈.....#
##.#.#......8≈..R..≈8....##
.....#.......≈..@..≈......#
##..##.......§.....≈......#####
....##......8≈.....≈8.........#
.##..#.......≈.....≈..........#
.###.....................#....#
.#####...................#....#
...............##.......###...#
#...##.##.....####......# #>..#
.##..#.#..##.....#......# #...#


You could see the friendly Audrea the knight (reflecting).

Vanquished Creatures
  the Royal Jelly (Slime:5)
  2 ancient liches (Zot:5)
  4 orbs of fire (Zot:5)
  A juggernaut (Depths:2)
  Sojobo (Vaults:2)
  5 Killer Klowns (Zot:5)
  Saint Roka (Vaults:2)
  8 golden dragons
  Nikola (Depths:2)
  the Enchantress (Depths:4)
  A bone dragon (Zot:3)
  2 doom hounds (Zot:3)
  An electric golem (Zot:5)
  11 tentacled monstrosities
  Jorgrun (D:15)
  An Ice Fiend (Depths:1)
  22 Orb Guardians
  2 deep elf blademasters
  Grunn (Zot:3)
  4 quicksilver dragons
  A titan (Depths:4)
  6 liches
  10 acid blobs
  2 deep elf master archers (Elf:3)
  An ancient champion (Vaults:2)
  10 sphinxes
  Frances (Spider:1)
  4 tengu reavers
  10 death cobs
  Donald (Shoals:2)
  6 shadow dragons
  An azure jelly (shapeshifter) (Depths:2)
  Roxanne (Elf:3)
  10 storm dragons
  11 azure jellies
  8 draconian knights
  A fenstrider witch (shapeshifter) (Vaults:3)
  7 draconian monks
  7 fire giants
  9 rockslimes
  10 vault wardens
  A daeva (Zot:1)
  7 frost giants
  4 draconian scorchers
  An emperor scorpion (Spider:3)
  2 iron dragons
  A caustic shrike zombie (Depths:1)
  4 deep elf sorcerers
  7 draconian shifters
  8 ghost moths
  2 deep elf elementalists (Elf:3)
  A draconian stormcaller (Zot:3)
  A ghoul (Vaults:2)
  A cacodemon (Depths:2)
  A curse skull (Zot:1)
  2 draconian annihilators
  3 ironbound thunderhulks
  10 quicksilver oozes
  A war gargoyle (Vaults:4)
  13 ironbound preservers
  A broodmother (Spider:4)
  2 formless jellyfish (Vaults:2)
  2 reapers
  12 very ugly things
  11 green draconians
  A juggernaut skeleton (Depths:1)
  3 spriggan defenders
  9 stone giants
  4 vampire knights (Depths:3)
  6 black draconians
  16 red draconians
  6 deep elf demonologists
  2 minotaurs
  4 dire elephants
  4 purple draconians
  14 white draconians
  8 spark wasps
  6 deep elf annihilators (Elf:3)
  12 yellow draconians
  4 deep elf death magi
  A merfolk impaler (Shoals:3)
  8 fire dragons
  A deep elf high priest (Elf:3)
  8 entropy weavers
  7 ettins
  3 great orbs of eyes
  3 hydras
  8 yaktaur captains
  6 vault guards
  4 rakshasas
  6 ice dragons
  A peacekeeper (Vaults:4)
  2 jorogumos
  5 spriggan air magi
  6 centaur warriors
  5 boulder beetles
  2 catoblepae
  9 radroaches
  2 merfolk avatars
  22 dancing weapons
  3 two-headed ogres
  8 ironbound frosthearts
  10 satyrs (Shoals:4)
  An alligator snapping turtle (Shoals:3)
  7 deep troll shamans
  9 tengu warriors
  2 orc high priests
  9 death yaks
  A titan zombie (Depths:3)
  10 deep troll earth magi
  A vampire mage (D:15)
  3 spriggan berserkers
  8 demonic crawlers
  4 hell knights (Depths:3)
  Sonja (D:10)
  4 skysharks
  14 deep elf knights
  2 titan skeletons
  A sixfirhy (Zot:5)
  A sun moth (Spider:4)
  9 iron trolls
  3 skeletal warriors
  4 sea snakes
  A goliath frog (Lair:5)
  A flayed ghost (Depths:2)
  33 deep trolls
  2 pharaoh ants
  3 glowing orange brains
  11 orb spiders
  An orange crystal statue (Zot:1)
  A spark wasp zombie (D:15)
  9 ironbound convokers
  3 steelbarb worms
  Pikel (D:8)
  3 lindwurms
  8 deep elf archers
  3 arcanists
  18 harpies
  4 necromancers
  3 orc knights
  21 deep elf pyromancers
  28 deep elf zephyrmancers
  18 wolf spiders
  29 ugly things
  A stone giant zombie (Depths:1)
  13 manticores
  6 orc sorcerers
  2 shining eyes
  28 moths of wrath
  6 oklob plants (Zot:1)
  8 cyclopes
  8 fauns
  4 eyes of devastation
  8 elephants
  A guardian serpent (shapeshifter) (D:13)
  11 merfolk sirens
  11 vault sentinels
  4 torpor snails
  8 water nymphs
  16 cane toads
  A hellion (D:6)
  17 yaktaurs
  Maggie (D:6)
  3 gargoyles
  2 tormentors
  2 efreet
  An ice devil (D:2)
  2 rime drakes
  3 komodo dragons
  6 tengu conjurers
  2 polar bears (Lair:2)
  A golden dragon simulacrum (Depths:4)
  5 trolls
  A tyrant leech (Lair:5)
  5 wind drakes
  A merfolk (shapeshifter) (Depths:3)
  10 merfolk
  7 meliai
  17 tarantellas
  Prince Ribbit (Lair:2)
  3 hornets
  4 glass eyes
  A tarantella (shapeshifter) (Elf:1)
  13 blink frogs
  An iron dragon simulacrum (Depths:4)
  7 snapping turtles
  10 dream sheep
  35 jumping spiders
  A raiju (Gauntlet)
  65 slime creatures
  5 flying skulls (Gauntlet)
  A spriggan (shapeshifter) (D:14)
  3 spriggans
  2 wraiths
  2 shadows (D:10)
  A vampire (D:9)
  33 yaks
  2 air elementals
  5 fire elementals
  7 water elementals
  17 culicivoras
  A culicivora (shapeshifter) (D:15)
  3 wyverns
  5 golden eyes (Slime:5)
  3 basilisks
  50 redbacks
  A neqoxec (D:13)
  14 vampire mosquitoes
  7 steam dragons
  A swamp worm (Gauntlet)
  2 wargs
  4 acid dragons
  7 water moccasins
  36 orc warriors
  2 black bears (D:5)
  A sky beast (D:7)
  3 wolves (Lair:3)
  19 centaurs
  6 ogres
  4 lemures
  2 kobold brigands
  Blork the orc (D:6)
  A bullfrog (shapeshifter) (Depths:2)
  A glowing shapeshifter simulacrum (Depths:4)
  23 bullfrogs
  3 earth elementals
  5 scorpions
  18 wights
  9 killer bees
  2 electric eels
  7 howler monkeys
  3 jellies
  25 orc priests
  2 gnoll boudas
  2 hounds
  3 iguanas
  5 hell rats (Lair:1)
  30 orc wizards
  A lightning spire (Zot:1)
  22 gnolls
  2 adders
  A white imp (D:5)
  2 ufetubi (D:7)
  2 worms
  2 dart slugs
  98 orcs
  8 endoplasms
  3 giant cockroaches
  7 hobgoblins
  10 jackals
  11 kobolds
  A quokka (D:3)
  8 ball pythons
  5 bats
  6 frilled lizards
  7 goblins
  3 rats
  A tentacle (Shoals:1)
1762 creatures vanquished.

Vanquished Creatures (collateral kills)
  Josephina (Depths:4)
  Parghit (Depths:4)
  A Killer Klown (Zot:5)
  2 golden dragons
  Jory (Vaults:2)
  A Tzitzimitl (Zot:3)
  An electric golem (Zot:5)
  4 tentacled monstrosities
  A Hell Sentinel (D:10)
  6 Orb Guardians (Zot:5)
  3 liches
  Asterion (Vaults:1)
  A deep elf blademaster (Elf:3)
  A quicksilver dragon (Zot:1)
  3 krakens
  Polyphemus (Shoals:2)
  8 acid blobs
  Agnes (Elf:2)
  2 death cobs (Zot:1)
  Aizul (Shoals:2)
  A tengu reaver (Vaults:2)
  3 shadow dragons
  4 storm dragons
  2 draconian monks
  2 draconian knights
  2 frost giants (Depths:2)
  A fire giant (Depths:3)
  An azure jelly (Slime:5)
  An iron dragon (Depths:4)
  A deep elf elementalist (Elf:3)
  3 vault wardens
  2 draconian scorchers
  4 draconian shifters
  A ghoul (Vaults:2)
  A deep elf sorcerer (Elf:3)
  A ghost moth (Spider:4)
  7 very ugly things
  A quicksilver ooze (Slime:5)
  4 draconian annihilators
  2 draconian stormcallers (Zot:1)
  A broodmother (Spider:4)
  A spriggan defender (Depths:4)
  4 stone giants
  An ironbound thunderhulk (Vaults:2)
  4 green draconians
  4 black draconians
  5 ironbound preservers (Vaults:4)
  4 purple draconians
  3 deep elf demonologists (Elf:3)
  5 white draconians
  3 dire elephants
  4 spark wasps
  5 yellow draconians
  27 slime creatures
  A deep elf death mage (Elf:3)
  A quicksilver dragon zombie (D:15)
  4 ice dragons
  A yaktaur captain (Vaults:1)
  2 great orbs of eyes
  2 jorogumos
  A peacekeeper (Vaults:3)
  A rakshasa (Depths:1)
  3 entropy weavers
  A caustic shrike simulacrum (Depths:4)
  2 vault guards
  A radroach (Spider:1)
  A hydra (Lair:4)
  An ironbound frostheart (Vaults:2)
  2 centaur warriors
  A merfolk avatar (Shoals:4)
  A two-headed ogre (D:11)
  A spriggan air mage (Depths:3)
  4 dancing weapons
  A deep troll shaman (Depths:3)
  2 deep troll earth magi
  A tengu warrior (D:9)
  6 deep elf knights
  A skyshark (Shoals:3)
  2 sun moths (Spider:2)
  A glowing orange brain (Zot:1)
  2 pharaoh ants
  2 iron trolls
  16 deep trolls
  An orb spider (Spider:4)
  An arcanist (Vaults:4)
  2 ironbound convokers (Vaults:1)
  An orc knight (Vaults:1)
  A steelbarb worm (Spider:3)
  8 harpies
  3 necromancers
  An iron dragon zombie (Depths:3)
  6 ugly things
  2 deep elf pyromancers (Elf:1)
  2 fauns
  3 deep elf zephyrmancers
  2 wolf spiders
  A cyclops (Shoals:4)
  3 manticores
  An elephant (Lair:4)
  6 moths of wrath
  An iron dragon skeleton (Depths:3)
  A black mamba (Lair:1)
  A merfolk siren (Shoals:2)
  An unseen horror (shapeshifter) (D:13)
  A torpor snail (Spider:2)
  A cane toad (Lair:4)
  A tormentor (Zot:3)
  A komodo dragon (Lair:3)
  4 yaktaurs
  A merfolk (Shoals:3)
  5 tarantellas
  2 snapping turtles
  A glass eye (Slime:3)
  A tyrant leech (Lair:5)
  A blink frog (Lair:4)
  4 dream sheep
  2 jumping spiders
  4 culicivoras
  3 flying skulls (Gauntlet)
  A water elemental (Elf:1)
  A shadow (D:12)
  7 yaks
  A golden eye (Slime:5)
  11 redbacks
  3 vampire mosquitoes (D:11)
  A warg (D:11)
  2 swamp worms (Gauntlet)
  A glowing shapeshifter zombie (Depths:3)
  5 orc warriors
  A boggart (D:9)
  2 wolves (Lair:3)
  A centaur (D:13)
  2 bullfrogs
  2 killer bees
  9 orc priests
  4 orc wizards
  A hell rat (Lair:1)
  A gnoll (Orc:1)
  16 orcs
  A spectral weapon (Vaults:1)
  A tentacle (Shoals:1)
375 creatures vanquished.

Vanquished Creatures (others)
  Mlioglotl (Shoals:2)
  A quicksilver dragon (Zot:1)
  A shadow dragon (Zot:1)
  A draconian monk (Zot:1)
  A draconian scorcher (Zot:1)
  2 draconian shifters (Zot:1)
  2 draconian annihilators (Zot:1)
  A draconian stormcaller (Zot:3)
  A white draconian (Zot:1)
  2 purple draconians (Zot:1)
  4 red draconians (Zot:1)
  A deep elf pyromancer (Elf:3)
  A moth of wrath (Zot:1)
  A jumping spider (Spider:1)
  8 ancestors
  38 knights
  An adder (D:6)
  10 tentacles
77 creatures vanquished.

Grand Total: 2214 creatures vanquished

Notes
Turn   | Place    | Note
-------+----------+-------------------------------------------
     0 | D:1      | Gladio the Deep Elf Hunter began the quest for the Orb.
     0 | D:1      | Reached XP level 1. HP: 12/12 MP: 3/3
    13 | D:1      | You fall into a shaft and drop 1 floor!
   131 | D:1      | Reached XP level 2. HP: 17/17 MP: 4/4
   439 | D:1      | Reached XP level 3. HP: 11/21 MP: 5/5
   871 | D:2      | Reached XP level 4. HP: 26/26 MP: 6/6
  1415 | D:3      | Found Nodd's Magic Scroll Shop.
  1424 | D:3      | Bought a scroll of blinking for 75 gold pieces
  1424 | D:3      | Bought a scroll of teleportation for 30 gold pieces
  1424 | D:3      | Bought a scroll of identify for 20 gold pieces
  1532 | D:3      | Reached XP level 5. HP: 31/31 MP: 7/7
  1592 | D:3      | Found Xeshrir's Antique Weapon Shoppe.
  1652 | D:3      | Found a faded altar of an unknown god.
  1822 | D:3      | Reached XP level 6. HP: 9/36 MP: 8/8
  2036 | D:3      | Found Kejimuro's Assorted Antiques.
  2066 | D:3      | Found a faded altar of an unknown god.
  2070 | D:3      | Found a basalt altar of Yredelemnul.
  2179 | D:3      | Bought a fuming puce potion for 21 gold pieces
  2179 | D:3      | Bought a scroll labelled TARODW LOKHLESK for 24 gold pieces
  2179 | D:3      | Bought a lumpy ruby potion for 21 gold pieces
  2179 | D:3      | Bought a scroll labelled WARI BIAXADGH for 24 gold pieces
  2328 | D:3      | Found Uruipt's Antique Weapon Shoppe.
  2469 | D:4      | Noticed a wyvern
  2943 | D:4      | Identified the +3 robe of Midnight {Will+ Str+4}
  3719 | D:5      | Entered Level 5 of the Dungeon
  3731 | D:5      | Reached skill level 5 in Dodging
  3731 | D:5      | Reached XP level 7. HP: 37/41 MP: 9/9
  3855 | D:5      | Found an ornate altar of the Wu Jian Council.
  4037 | D:5      | Reached skill level 10 in Ranged Weapons
  4099 | D:5      | Reached XP level 8. HP: 39/48 MP: 10/10
  4115 | D:5      | Found Hifem's General Store.
  4123 | D:5      | Bought a potion of curing for 33 gold pieces
  4238 | D:5      | Found a hide-covered altar of Uskayaw.
  4417 | D:5      | Found a shimmering blue altar of Sif Muna.
  5026 | D:6      | Noticed Maggie
  5037 | D:6      | HP: 1/48 [Maggie/bolt of light (16)]
  5183 | D:6      | Reached skill level 5 in Fighting
  5245 | D:6      | Reached XP level 9. HP: 10/54 MP: 11/11
  5432 | D:6      | Noticed Blork the orc
  5436 | D:6      | Killed Blork the orc
  5787 | D:7      | Found Avefremo's Antique Armour Shop.
  5844 | D:7      | Bought a pair of boots for 112 gold pieces
  5844 | D:7      | Bought a pair of gloves for 112 gold pieces
  6014 | D:7      | Found a staircase to the Ecumenical Temple.
  6020 | D:7      | Found a runed translucent gate.
  6023 | D:7      | Found a runed translucent gate.
  6023 | D:7      | Found a runed translucent gate.
  6032 | Temple   | Entered the Ecumenical Temple
  6167 | D:7      | Found an ancient bone altar of Kikubaaqudgha.
  6167 | D:7      | Found a hazy altar of Hepliaklqana.
  6212 | D:7      | Became a worshipper of Hepliaklqana the Forgotten
  6243 | D:7      | Noticed Nitrous's ghost (novice DEFE)
  6609 | D:8      | Noticed Pikel
  6663 | D:8      | Found Fadud's Armour Boutique.
  6922 | D:8      | Killed Pikel
  6939 | D:8      | Found a staircase to the Lair.
  7006 | D:8      | Reached XP level 10. HP: 60/60 MP: 12/12
  7269 | D:9      | Noticed a cyclops
  7284 | D:9      | Killed a cyclops
  7324 | D:9      | Reached * piety under Hepliaklqana
  7456 | D:9      | Found an iron altar of Okawaru.
  7547 | D:9      | Reached skill level 15 in Ranged Weapons
  7588 | D:9      | Noticed a two-headed ogre
  7606 | D:9      | Killed a two-headed ogre
  7607 | D:9      | Reached skill level 10 in Dodging
  7804 | D:9      | Noticed a two-headed ogre
  7813 | D:9      | Noticed a tengu warrior
  7940 | D:9      | Killed a two-headed ogre
  7941 | D:9      | Reached XP level 11. HP: 60/60 MP: 13/13
  8054 | D:10     | Entered Level 10 of the Dungeon
  8499 | D:10     | Found a radiant altar of Vehumet.
  8500 | D:10     | Reached ** piety under Hepliaklqana
  8636 | D:10     | Noticed Sonja
  8637 | D:10     | Remembered your ancestor Audrea as a knight
  8658 | D:10     | Killed Sonja
  8787 | D:10     | Found a broken altar of Ashenzari.
  8969 | Lair:1   | Entered Level 1 of the Lair of Beasts
  8985 | Lair:1   | Identified the +4 ring mail of Ukur {Contam rElec rCorr
                  | Int+4}
  9700 | Lair:2   | Noticed a skyshark
  9706 | Lair:2   | Noticed a skyshark
  9768 | Lair:2   | Reached *** piety under Hepliaklqana
  9779 | Lair:1   | Killed a skyshark
  9839 | Lair:2   | Killed a skyshark
  9902 | Lair:2   | Noticed Prince Ribbit
  9915 | Lair:2   | Killed Prince Ribbit
 10060 | Lair:2   | Reached XP level 12. HP: 46/67 MP: 14/14
 10156 | Lair:2   | Found a staircase to the Shoals.
 10176 | Lair:2   | Found a runed translucent gate.
 10176 | Lair:2   | Found a runed translucent gate.
 10177 | Lair:2   | Found a runed translucent gate.
 10370 | Lair:2   | Noticed ongoing's ghost (journeyman FoFi)
 10370 | Lair:2   | Noticed a great orb of eyes
 10376 | Lair:2   | Found a viscous altar of Jiyva.
 10875 | Lair:3   | Noticed a seven-headed hydra
 10884 | Lair:3   | Killed a seven-headed hydra
 10982 | Lair:3   | Found a hole to the Spider Nest.
 11097 | Lair:3   | Reached skill level 1 in Invocations
 11381 | Lair:3   | Identified the +3 robe "Myebramu" {rC+ Int-3 Dex+3}
 11641 | Lair:4   | Noticed a five-headed hydra
 11650 | Lair:4   | Killed a five-headed hydra
 11847 | Lair:4   | Reached **** piety under Hepliaklqana
 12063 | Lair:4   | Reached skill level 10 in Fighting
 12226 | Lair:4   | Reached XP level 13. HP: 73/73 MP: 17/17
 12685 | Lair:4   | Found a viscous altar of Jiyva.
 12686 | Lair:4   | Found a staircase to the Slime Pits.
 12823 | Lair:5   | Identified the "Xiugycaq"
 12823 | Lair:5   | Entered Level 5 of the Lair of Beasts
 13083 | Lair:5   | Reached skill level 5 in Invocations
 13150 | Lair:5   | Identified the +6 orcbow of Xom's Scorn {freeze, rF+ Dex+4}
 13315 | Lair:5   | Reached ***** piety under Hepliaklqana
 13456 | Lair:5   | Found a sparkling altar of Nemelex Xobeh.
 13979 | D:7      | Bought a runed helmet for 187 gold pieces
 14907 | D:6      | Killed Maggie
 15148 | D:11     | Reached XP level 14. HP: 77/81 MP: 21/21
 15253 | D:11     | Found a staircase to the Orcish Mines.
 15753 | D:12     | Identified the +6 quarterstaff of Jeining {venom, *Rage rN+
                  | rCorr Int+5}
 15775 | D:12     | Identified a scroll of acquirement
 15775 | D:12     | Acquired a +4 hand cannon of freezing
 16406 | D:13     | Reached skill level 1 in Shields
 16554 | D:13     | Found Inagy's Armour Emporium.
 17466 | D:14     | Found a gate to the Vaults.
 17471 | D:14     | Found a gate leading to a gauntlet.
 17486 | D:14     | Found a white marble altar of Elyvilon.
 17506 | D:14     | Reached skill level 15 in Dodging
 17507 | Gauntlet | Entered a Gauntlet
 17507 | Gauntlet | Found a large runed translucent door.
 17507 | Gauntlet | Found a large runed translucent door.
 17507 | Gauntlet | Found a large runed translucent door.
 17507 | Gauntlet | Found a large runed translucent door.
 17507 | Gauntlet | Found a large runed translucent door.
 17507 | Gauntlet | Found a large runed translucent door.
 17507 | Gauntlet | Found a large runed translucent door.
 17507 | Gauntlet | Found a large runed translucent door.
 17507 | Gauntlet | Found a runed translucent door.
 17507 | Gauntlet | Found a runed translucent gate.
 17507 | Gauntlet | Found a transporter.
 17507 | Gauntlet | Found a transporter.
 17507 | Gauntlet | Found a runed translucent gate.
 17507 | Gauntlet | Found a transporter.
 17508 | Gauntlet | Found a transporter.
 17511 | Gauntlet | Found a transporter.
 17511 | Gauntlet | Found a transporter.
 17521 | Gauntlet | Found a transporter.
 17522 | Gauntlet | Found a transporter.
 17525 | Gauntlet | Found a transporter.
 17540 | Gauntlet | Found a transporter.
 17561 | Gauntlet | Found a transporter.
 17579 | Gauntlet | Found a runed translucent gate.
 17580 | Gauntlet | Found a large runed translucent door.
 17580 | Gauntlet | Found a large runed translucent door.
 17581 | Gauntlet | Found a large runed translucent door.
 17582 | Gauntlet | Found a large runed translucent door.
 17583 | Gauntlet | Found a large runed translucent door.
 17583 | Gauntlet | Found a large runed translucent door.
 17583 | Gauntlet | Found a runed translucent door.
 17584 | Gauntlet | Found a large runed translucent door.
 17585 | Gauntlet | Found a large runed translucent door.
 17649 | Gauntlet | Found a transporter.
 17838 | Gauntlet | Identified the +1 pair of boots "Qouggio" {rPois}
 18359 | D:15     | Entered Level 15 of the Dungeon
 18394 | D:15     | Noticed Jorgrun
 18481 | D:15     | Found a staircase to the Depths.
 18583 | Orc:1    | Entered Level 1 of the Orcish Mines
 18660 | Orc:1    | You fall into a shaft and drop 1 floor!
 18660 | Orc:2    | Entered Level 2 of the Orcish Mines
 18795 | Orc:2    | Found Podd's Distillery.
 18800 | Orc:2    | Bought a potion of curing for 51 gold pieces
 18800 | Orc:2    | Bought a potion of curing for 51 gold pieces
 18800 | Orc:2    | Bought a potion of invisibility for 136 gold pieces
 18814 | Orc:2    | Paralysed by an orc sorcerer for 4 turns
 19005 | Orc:1    | Reached XP level 15. HP: 87/87 MP: 23/23
 19331 | Orc:2    | Found Sumodupn's CLEARANCE SALE!.
 19385 | Orc:2    | Found a staircase to the Elven Halls.
 19587 | Orc:2    | Found Fuata's Assorted Antiques.
 19587 | Orc:2    | Found Nuyce's Distillery.
 19615 | Orc:2    | Found Baxyjot's Assorted Antiques.
 19617 | Orc:2    | Found Icwahykhlae's Book Boutique.
 19622 | Orc:2    | Bought a scroll of identify for 58 gold pieces
 19622 | Orc:2    | Bought a scroll of identify for 58 gold pieces
 19624 | Orc:2    | Reached XP level 16. HP: 93/93 MP: 24/24
 19626 | Orc:2    | Bought a potion of curing for 51 gold pieces
 19626 | Orc:2    | Bought a potion of curing for 51 gold pieces
 20026 | D:8      | Bought a +0 cloak for 54 gold pieces
 20186 | D:15     | Killed Jorgrun
 21099 | Spider:1 | Entered Level 1 of the Spider Nest
 21124 | Spider:1 | Reached skill level 5 in Shields
 21580 | Spider:1 | Noticed Frances
 21586 | Spider:1 | Killed Frances
 22017 | Spider:1 | Gained mutation: Your mind is acute. (Int +4, Str/Dex -1)
                  | [mutagenic glow]
 22205 | Spider:2 | Reached skill level 5 in Stealth
 22651 | Spider:2 | Reached skill level 15 in Fighting
 22651 | Spider:2 | Reached XP level 17. HP: 101/101 MP: 25/25
 23178 | Spider:3 | Reached ****** piety under Hepliaklqana
 23213 | Spider:3 | Reached skill level 1 in Spellcasting
 23848 | Spider:3 | Learned a level 1 spell: Slow
 24209 | Spider:4 | Entered Level 4 of the Spider Nest
 24578 | Spider:4 | Gained mutation: You occasionally lose the ability to read
                  | scrolls when taking damage. [mutagenic glow]
 25043 | Spider:4 | Reached skill level 10 in Invocations
 25688 | Spider:4 | Got a gossamer rune of Zot
 26058 | Shoals:1 | Entered Level 1 of the Shoals
 26314 | Shoals:1 | Noticed a kraken
 26320 | Shoals:1 | Killed a kraken
 26337 | Shoals:1 | Noticed a kraken
 26349 | Shoals:1 | Killed a kraken
 26350 | Shoals:1 | Reached XP level 18. HP: 105/109 MP: 28/28
 26628 | Shoals:2 | Noticed Polyphemus
 26876 | Shoals:2 | Noticed Donald
 26882 | Shoals:2 | Killed Donald
 26896 | Shoals:2 | Noticed Mlioglotl
 26907 | Shoals:2 | Killed Mlioglotl
 27062 | Shoals:2 | Identified the serpent talisman of Happy Babbling {rElec
                  | Will+ rCorr Str-4}
 27062 | Shoals:2 | Noticed Aizul
 27071 | Shoals:2 | Killed Aizul
 27200 | Shoals:2 | Killed Polyphemus
 27814 | Shoals:4 | Identified the "Zuoqeiguorgh"
 27814 | Shoals:4 | Entered Level 4 of the Shoals
 28049 | Shoals:4 | Got a barnacled rune of Zot
 28264 | Shoals:4 | Identified the +1 chain mail of Peek-a-Boo {rPois SInv}
 28609 | Vaults:1 | Entered Level 1 of the Vaults
 28647 | Vaults:1 | Noticed Asterion
 28654 | Vaults:1 | Killed Asterion
 28818 | Vaults:1 | Reached XP level 19. HP: 117/117 MP: 30/30
 29341 | Vaults:1 | Found Vizes's Weapon Emporium.
 30053 | Vaults:2 | Noticed Jory
 30068 | Vaults:2 | Killed Jory
 30192 | Vaults:2 | Noticed Sojobo
 30195 | Vaults:2 | Paralysed by an air elemental for 1 turns
 30561 | Vaults:2 | Paralysed by an air elemental for 1 turns
 30567 | Vaults:2 | Paralysed by an air elemental for 1 turns
 30572 | Vaults:2 | Paralysed by an air elemental for 1 turns
 30576 | Vaults:2 | Killed Sojobo
 30775 | Vaults:2 | Found a staircase to the Crypt.
 30827 | Vaults:2 | Noticed Saint Roka
 30836 | Vaults:2 | Killed Saint Roka
 31434 | Vaults:3 | Reached XP level 20. HP: 126/126 MP: 31/31
 32005 | Vaults:3 | Found a runed translucent door.
 32006 | Vaults:3 | Found a shimmering altar of Xom.
 32006 | Vaults:3 | Noticed Ryrgheaf's ghost (veteran DgCj)
 32006 | Vaults:3 | Identified the +4 dire flail "Elf's Death" {chaos, Will+
                  | Int+2 Stlth+}
 32979 | Vaults:4 | Identified the "Ofuthremp"
 32979 | Vaults:4 | Identified the of Sem Peem
 34282 | Vaults:5 | Identified the of Unitywo
 34282 | Vaults:5 | Identified the of Meym
 34282 | WizLab   | Identified the "Monist"
 34282 | WizLab   | Identified the "Ifomey"
 34282 | Crypt:3  | Identified the "Zakixkac"
 34282 | Crypt:3  | Identified the of Orishrefe
 34282 | Depths:4 | Identified the of Roodoymy
 34282 | Elf:1    | Identified the "Gobenet"
 34282 | Elf:3    | Identified the "Qiab"
 34282 | Slime:1  | Entered Level 1 of the Pits of Slime
 35381 | Slime:5  | Identified the of Cauprats
 35381 | Slime:5  | Entered Level 5 of the Pits of Slime
 35658 | Slime:4  | Reached XP level 21. HP: 133/133 MP: 32/32
 37068 | Slime:5  | Gained mutation: You are weak. (Str -2) [a shining eye]
 37143 | Slime:5  | Noticed the Royal Jelly
 37153 | Slime:5  | Killed the Royal Jelly
 37298 | Slime:5  | Identified the +8 demon whip of the Hurtling Tiger {venom,
                  | +Blink Str+3 Int+4}
 37312 | Slime:5  | Identified the ring of Vehumet's Esteem {Str+6 Dex+2}
 37330 | Slime:5  | Identified the +4 sling of the Globe {freeze, Str+3 Dex+3}
 37337 | Slime:5  | Identified the +8 scimitar of Peril {protect, rElec Int+2}
 37339 | Slime:5  | Got a slimy rune of Zot
 37340 | Slime:5  | Identified the ring of Wogyucaf {Fly rPois EV+5}
 37342 | Slime:5  | Identified the +1 robe of Joop {rF+ rC+ Dex-3}
 37393 | Slime:5  | Identified the staff of Teitturr {rC+ rN+ Conj}
 38080 | Depths:1 | Entered Level 1 of the Depths
 38137 | Depths:1 | Found a sparkling altar of Nemelex Xobeh.
 38187 | Depths:1 | Found Voguuroi's Antique Weapon Boutique.
 38192 | Depths:1 | Found a one-way gate leading to the halls of Pandemonium.
 38304 | Depths:1 | Found Ipekawid's Antique Weapon Boutique.
 38380 | Depths:1 | Found Yvve's Weapon Shop.
 38380 | Depths:1 | Found Roeguen's Jewellery Boutique.
 38385 | Depths:1 | Found Omuit's Magic Scroll Shop.
 38400 | Depths:1 | Bought a scroll of teleportation for 48 gold pieces
 38400 | Depths:1 | Bought a scroll of revelation for 120 gold pieces
 38400 | Depths:1 | Bought a scroll of poison for 64 gold pieces
 38400 | Depths:1 | Bought a scroll of fog for 64 gold pieces
 38691 | Depths:1 | Found a gateway to Hell.
 38917 | Depths:2 | Noticed Nikola
 39247 | Depths:2 | Killed Nikola
 39488 | Depths:2 | Identified the +9 morningstar of Regicide {protect, rN+
                  | Dex+4}
 39507 | Depths:2 | Reached XP level 22. HP: 122/142 MP: 27/33
 39798 | Depths:2 | Noticed a juggernaut
 39806 | Depths:2 | Killed a juggernaut
 39878 | Depths:2 | Identified the +6 scale mail "Geoxzuamn" {Contam +Blink
                  | rCorr MP+9}
 40259 | Depths:3 | Found a one-way gateway to a ziggurat.
 40835 | Depths:3 | You fall into a shaft and drop 1 floor!
 40835 | Depths:4 | Entered Level 4 of the Depths
 40837 | Depths:4 | Identified the ring of Recklessness {Ice Int+2}
 40837 | Depths:4 | Noticed Josephina
 40875 | Depths:3 | Found a one-way gate to the infinite horrors of the Abyss.
 41038 | Depths:3 | Paralysed by a vampire knight for 5 turns
 41667 | Depths:3 | Found a corrupted altar of Lugonu.
 41799 | Depths:3 | Found Geoguxas's Book Boutique.
 41799 | Depths:3 | Found Zuasch's Jewellery Emporium.
 41800 | Depths:3 | Found Qatufaem's Jewellery Emporium.
 41810 | Depths:3 | Bought the ring of the Magpie {rPois MP+9 Int+6 Dex+6} for
                  | 865 gold pieces
 42179 | Depths:3 | Reached skill level 27 in Ranged Weapons
 42224 | Depths:4 | Noticed Parghit
 42505 | Depths:4 | Killed Parghit
 42514 | Depths:4 | Killed Josephina
 42715 | Depths:4 | Noticed the Enchantress
 43128 | Depths:4 | Killed the Enchantress
 43760 | Depths:4 | Found a gate to the Realm of Zot.
 43810 | Depths:4 | Reached XP level 23. HP: 148/148 MP: 34/34
 44415 | Depths:3 | Bought a ring of positive energy for 220 gold pieces
 44415 | Depths:3 | Bought a ring of positive energy for 220 gold pieces
 44756 | D:3      | Bought a scroll of teleportation for 30 gold pieces
 44756 | D:3      | Bought a scroll of enchant weapon for 75 gold pieces
 44756 | D:3      | Bought a scroll of summoning for 95 gold pieces
 44756 | D:3      | Bought a scroll of fear for 40 gold pieces
 44756 | D:3      | Bought a scroll of poison for 40 gold pieces
 44820 | D:5      | Bought a scroll of enchant armour for 82 gold pieces
 44823 | D:5      | Upgraded the game from 0.31-a0-965-g8a8ce12e04 to
                  | 0.31-a0-968-g24f9ace8b5
 45049 | Elf:1    | Entered Level 1 of the Elven Halls
 45063 | Elf:1    | Identified the +1 leather armour of the Chewing Gods
                  | {Rampage Drain rC+++ SInv}
 45363 | Elf:1    | Found Zasar's Self-Improvement Boutique.
 45505 | Elf:1    | Found Mouged's Antique Weapon Boutique.
 46157 | Elf:2    | Found a runed translucent gate.
 46159 | Elf:2    | Found a runed translucent gate.
 46160 | Elf:2    | Found a runed translucent gate.
 46499 | Elf:2    | Noticed Agnes
 46513 | Elf:2    | Killed Agnes
 46888 | Elf:3    | Entered Level 3 of the Elven Halls
 46888 | Elf:3    | Found Gaosoh's General Store.
 47132 | Elf:3    | Noticed Roxanne
 47173 | Elf:3    | Found Jeplid's Assorted Antiques.
 47181 | Elf:3    | Bought a scroll of fear for 116 gold pieces
 47181 | Elf:3    | Bought a knobbly steel ring for 145 gold pieces
 47230 | Elf:3    | Identified the +10 morningstar of Mayhem {speed, *Slow rF+
                  | Dex+7}
 47230 | Elf:3    | Identified the +2 leather armour of Bad Feelings {rPois
                  | rCorr}
 47262 | Elf:3    | Identified the +9 short sword of Maarghyuh {vamp, Int+2}
 47267 | Elf:3    | Identified the ring "Behaow" {rPois rC+ Int+3}
 47386 | Elf:3    | Identified the staff of the Abyss {Will+ Str+3 Earth}
 47395 | Elf:3    | Identified the +0 robe of the Solstice {SInv}
 47748 | Elf:3    | Identified the staff "Inoskiom" {rElec Str+2 Air}
 47895 | Elf:3    | Identified the +6 orcbow "Muquotut" {flame, rF+ Int+5
                  | Dex-5}
 47988 | Elf:3    | Killed Roxanne
 48281 | Zot:1    | Entered Level 1 of the Realm of Zot
 48963 | Zot:1    | Reached XP level 24. HP: 157/157 MP: 35/35
 49173 | Zot:1    | Noticed an orb of fire
 49304 | Zot:1    | Identified the +3 ring mail of Conscience {rC+ Str+2}
 52390 | Zot:3    | Noticed Grunn
 52396 | Zot:3    | Killed Grunn
 53444 | Zot:4    | Reached skill level 15 in Invocations
 53471 | Zot:4    | Reached XP level 25. HP: 163/163 MP: 30/36
 53620 | Zot:4    | Found a transporter.
 53713 | Zot:4    | Identified the +7 short sword of the Old World {heavy,
                  | rElec Dex+2}
 53714 | Zot:4    | Found the +3 hat of Pondering {ponderous, Will+ MP+10
                  | Int+5}
 53717 | Zot:4    | Identified the ring "Xer Wen" {rElec rPois rN+++ Will+
                  | Dex-4}
 53723 | Zot:4    | Found a transporter.
 54381 | Zot:5    | Entered Level 5 of the Realm of Zot
 55358 | Zot:5    | Killed an ancient lich
 55450 | Zot:5    | Noticed an orb of fire
 55473 | Zot:5    | Reached skill level 27 in Dodging
 55481 | Zot:5    | Noticed a Killer Klown
 55493 | Zot:5    | Killed a Killer Klown
 55653 | Zot:5    | Noticed an orb of fire
 55662 | Zot:5    | Noticed a Killer Klown
 55665 | Zot:5    | Killed an orb of fire
 55669 | Zot:5    | Killed an orb of fire
 55677 | Zot:5    | Killed a Killer Klown
 55758 | Zot:5    | Noticed an orb of fire
 55769 | Zot:5    | Killed an orb of fire
 55770 | Zot:5    | Reached skill level 10 in Shields
 55934 | Zot:5    | Noticed a Killer Klown
 55952 | Zot:5    | Killed a Killer Klown
 56184 | Zot:5    | Noticed a Killer Klown
 56191 | Zot:5    | Killed a Killer Klown
 56731 | Zot:5    | Noticed an orb of fire
 56742 | Zot:5    | Gained mutation: You are frail. (-10% HP) [an orb of fire]
 56751 | Zot:5    | Noticed a Killer Klown
 56800 | Zot:5    | Killed an orb of fire
 57020 | Zot:5    | Noticed an ancient lich
 57027 | Zot:5    | Killed an ancient lich
 57031 | Zot:5    | Noticed a Killer Klown
 57032 | Zot:5    | Reached XP level 26. HP: 91/153 MP: 29/37
 57457 | Zot:5    | Got the Orb of Zot
 57586 | Zot:2    | Noticed Caikano the pandemonium lord
 58053 | D:$      | Escaped with the Orb!

Illustrated notes

Levels and vault maps discovered:
D:1:      orjb1_lava_funnel, layout_rooms, minmay_circled_x
D:2:      layout_basic
D:3:      layout_basic, nicolae_overflow_ecumenical_swirl,
          hellmonk_ecumenical_altar_lost_god, serial_shops,
          nicolae_shop_hallway_plus, shop, nicolae_shop_pleasant_corner_grove,
          nicolae_shop_overgrown_old_shop, grunt_ministairs_10,
          grunt_decor_resistance, minmay_divided_ellipse
D:4:      layout_loops_ring, minmay_increasing_density
D:5:      layout_basic, nicolae_wu_jian_immortal_techniques,
          nicolae_uskayaw_suspiria, amcnicky_altar_gilded, serial_shops, shop,
          kennysheep_generic_room_7
D:6:      cheibrodos_steamvent, layout_basic, uniq_blork_the_orc, uniq_maggie
D:7:      layout_loops_ring, mainiacjoe_overflow_divided_tiny,
          minmay_temple_entry_grid, gammafunk_ghost_necromancy, serial_shops,
          nicolae_shop_tiny_waterfront
D:8:      layout_basic, lair_entry_dummy, serial_shops, shop, uniq_pikel
D:9:      nzn_winding_woodlands_three_and_one
          [nzn_winding_woodlands_5x15_zeroes,
          nzn_winding_woodlands_5x15_river_crossing,
          nzn_winding_woodlands_5x15_parted,
          nzn_winding_woodlands_center_diamonds], layout_long_grid,
          mainiacjoe_overflow_boulevard
D:10:     layout_roguey [special_room_orc], nicolae_vehumet_altar_sigil,
          evilmike_ruin_ashenzari, uniq_sonja
D:11:     layout_rooms, erik_orc_2, special_room [special_room_orc],
          nicolae_twisting_strands
D:12:     layout_loops_ring
D:13:     layout_stronghold, serial_shops, nicolae_shop_tiny_real_fake_doors
D:14:     layout_rooms, erik_vaults_1, gauntlet_entry_generic,
          grunt_decor_fettered, elyvilon_altar_5
D:15:     gammafunk_depths_entry_grave, layout_rooms, serial_shops,
          freezing_bzr, minivault_25, uniq_jorgrun
Temple:   hellmonk_temple_forest_ring
Lair:1:   layout_chaotic_city, infiniplex_staircase_pool_2, grunt_megastairs_2
Lair:2:   layout_roguey, minmay_shoals_entry_beasts, gammafunk_ghost_ooze,
          minmay_stone_trees_small, grunt_megastairs_3, lemuel_fruit_tree,
          uniq_prince_ribbit2
Lair:3:   layout_cave_shapes, hellmonk_spider_entry_not_the_bees
Lair:4:   layout_loops_ring, dpeg_slime_entry_enclosed
Lair:5:   minmay_lair_end_frog_pond, layout_concentric_octagons, basic_altar,
          st_stairs_10
Shoals:1: nicolae_shoals_lighthouse, layout_shoals,
          nicolae_shoals_arrival_archipelago
Shoals:2: layout_shoals, uniq_mlioglotl, uniq_polyphemus, uniq_aizul,
          uniq_donald
Shoals:3: layout_shoals
Shoals:4: shoals_end_hellmonk_lost_city, serial_shops
Spider:1: layout_spider_delve, nicolae_spider_orb_run, uniq_frances
Spider:2: layout_spider_delve, nicolae_spider_solar_radiation
Spider:3: layout_chambers, nicolae_spider_nooks_and_crannies
Spider:4: grunt_spider_rune_parallel
Slime:1:  layout_caves
Slime:2:  layout_caves
Slime:3:  layout_caves
Slime:4:  layout_caves, nicolae_slime_welcoming_committee
Slime:5:  slime_pit_nicolae_amoeboid
Orc:1:    layout_caves, basic_altar, mines1_david
Orc:2:    st_orc_mages, layout_diamond_mine, serial_shops, shop,
          nicolae_shop_clearance
Elf:1:    layout_loops_corners, serial_shops, nicolae_lakefront_shop,
          minmay_elf_demonology, nicolae_shop_self_help
Elf:2:    nicolae_elf_blades_splatter_lattice [nicolae_blade_entry_antechamber],
          layout_geoelf_diagonals, uniq_agnes
Elf:3:    grunt_elf_hall_diamonds, layout_geoelf_grid, serial_shops, shop, shop,
          uniq_roxanne
Vaults:1: vaults_dpeg_encased_lava, nicolae_vaults_mini_display_case,
          nicolae_vaults_closet_pinwheel_5, nicolae_vaults_trapezoid_layered,
          v_misc_28, grunt_vaults_twisty, nicolae_vaults_bisected_exclaves,
          nicolae_vaults_apartment_2, nicolae_vaults_offset_grid_hallway_1,
          nicolae_vaults_little_squares_3, special_room_vaults
          [special_room_orc], nicolae_vaults_taking_the_gang_shopping,
          vaults_room_pool, ontoclasm_vaults_ring_small,
          nicolae_vaults_storage_room_water, layout_vaults_big_room,
          uniq_asterion
Vaults:2: nicolae_vaults_border_crossing, hangedman_vaults_locks,
          nicolae_vaults_yaktaur_gun_rack, nicolae_vaults_tetromino_L_2,
          minmay_crypt_entry_simple_statues, nicolae_vaults_sesquioval_fish,
          vaults_room_octagon, st_cells, hangedman_vaults_stretched_pinwheel,
          nicolae_vaults_storage_closets_2, nicolae_vaults_little_squares_1,
          layout_vaults_ring, uniq_jory, uniq_sojobo, uniq_saint_roka
Vaults:3: ebering_ghost_xom, nicolae_vaults_more_shelving_1,
          nicolae_vaults_network_periphery, st_lattice, nicolae_vaults_two_Ls,
          vaults_room_door_ring, nicolae_vaults_mitosis, layout_vaults_omnigrid
Vaults:4: v_misc_18, nicolae_vaults_closet_pinwheel_4,
          hangedman_vaults_corner_blocks, nicolae_vaults_tetromino_Z_2,
          v_misc_10, nicolae_vaults_prndl, nicolae_vaults_library_corner,
          v_misc_3, nicolae_vaults_sightless_eye, v_misc_1, v_misc_25,
          vaults_room_pool, nicolae_vaults_circle_grid_b,
          layout_vaults_maze_snakey
Depths:1: layout_gridville, pf_coc_iceberg, eino_curves_02, pan_entry,
          serial_shops, nicolae_shop_overgrown_old_shop,
          nemelex_spade_bored_becter, minmay_shoptagon
Depths:2: minmay_octo_star, layout_basic, grunt_pan_entry_sceptre, hell_entry,
          minmay_staircase_windowed_small, uniq_nikola
Depths:3: kennysheep_bubbly, layout_small_grid, enter_ziggurat_c,
          grunt_metal_band, abyss_entry, fountainhead, tgw_lugonu_bribe,
          minmay_staircase_windowed_large, minmay_shop_grove
Depths:4: grunt_crosshair, layout_gridlike, pan_entry, hell_entry,
          uniq_enchantress, uniq_josephina, uniq_parghit
Zot:1:    evilmike_crystal_ball_defense, layout_onion,
          hangedman_zot_wheel_spokes, grunt_ministairs_11, nrook_zot_tub
Zot:2:    layout_onion_interference
Zot:3:    layout_gridlike, st_small_dragon_hoard_5, hangedman_zot_decor_slant,
          uniq_grunn
Zot:4:    gammafunk_the_bubble [the_bubble_gammafunk_crates],
          layout_concentric_octagons
Zot:5:    layout_cathedral_of_symmetry, skrybe_zot_glass_2

Skill      XL: |  1  2  3  4  5  6  7  8  9 10 11 12 13 14 15 16 17 18 19 20 21 22 23 24 25 26 |
---------------+-------------------------------------------------------------------------------+-----
Ranged Weapons | 6 7 8 10 12 14 16 18 19 20 21 23 25 27 | 27.0
Fighting       | 2 3 4 5 6 7 8 10 11 12 13 15 16 18 20 21 22 23 24 25 26 | 26.7
Dodging        | 3 4 5 6 7 9 10 12 13 14 15 17 18 20 21 22 23 24 25 26 27 | 27.0
Invocations    | 3 6 8 9 10 12 13 15 16 17 | 17.0
Shields        | 3 4 5 6 8 10 11 | 11.0
Stealth        | 6 |  6.0
Spellcasting   | 3 |  3.0

Action                     |  1- 3 |  4- 6 |  7- 9 | 10-12 | 13-15 | 16-18 | 19-21 | 22-24 | 25-27 || total
---------------------------+-------+-------+-------+-------+-------+-------+-------+-------+-------++-------
  Melee: Hand cannon       |       |       |       |       |       |       |       |    13 |       ||    13
   Fire: Shortbow          |   106 |   163 |       |       |       |       |       |       |       ||   269
         Orcbow            |       |    19 |   341 |   713 |   474 |       |       |       |       ||  1547
         Hand cannon       |       |       |       |       |   307 |  1128 |  1198 |  1252 |   428 ||  4313
   Cast: Slow              |       |       |       |       |       |     1 |       |       |       ||     1
 Invoke: Ancestor Identity |       |       |       |     2 |       |       |       |       |       ||     2
         Ancestor Life: Kn |       |       |       |     1 |       |       |       |       |       ||     1
         Recall Ancestor   |       |       |       |     2 |     6 |    10 |     7 |    10 |     8 ||    43
         Transference      |       |       |       |       |     2 |     5 |     5 |     5 |     1 ||    18
         Idealise          |       |       |       |       |     5 |     6 |    11 |    13 |     4 ||    39
  Evoke: Wand              |       |       |     1 |     2 |     2 |     1 |     1 |       |     2 ||     9
         Sack of spiders   |       |       |       |       |       |       |     1 |       |       ||     1
         Condenser vane    |       |       |       |       |       |       |     1 |       |       ||     1
    Use: Scroll            |       |     2 |     8 |    13 |    14 |     8 |    14 |    11 |     4 ||    74
         Potion            |       |     2 |     4 |       |     1 |       |     6 |     4 |     5 ||    22
 Armour: Leather armour    |    29 |    39 |       |       |       |       |       |       |       ||    68
         Skin              |       |    11 |       |       |       |       |    23 |       |       ||    34
         Robe              |       |     2 |    95 |    75 |    43 |   163 |    97 |   196 |    47 ||   718
         Acid dragon scale |       |       |       |       |       |       |    67 |       |       ||    67
  Dodge: Dodged            |    31 |    49 |    85 |   136 |   176 |   697 |   506 |   707 |   190 ||  2577
  Block: Buckler           |       |       |       |       |    27 |   245 |   161 |   252 |    61 ||   746

Table legend: (Time is in decaauts)
 A = Elapsed time spent in this place.
 B = Non-inter-level travel time spent in this place.
 C = Inter-level travel time spent in this place.
 D = Time resting spent in this place.
 E = Time spent auto-exploring this place.
 F = Levels seen in this place.
 G = Mean time per level.
                   A        B        C        D        E       F      G
               +--------+--------+--------+--------+--------+-----+--------+
         Total |  58382 |  48755 |   9627 |   5946 |  32454 |  53 | 1101.5 |
       Dungeon |  15588 |  11998 |   3590 |    444 |   9255 |  15 | 1039.2 |
        Temple |      1 |      1 |      0 |      0 |      0 |   1 |    1.0 |
          Lair |   5466 |   4525 |    941 |    378 |   3252 |   5 | 1093.2 |
        Shoals |   2579 |   2365 |    214 |     26 |   1699 |   4 |  644.8 |
   Spider Nest |   4967 |   4435 |    532 |    753 |   2638 |   4 | 1241.8 |
    Slime Pits |   3332 |   2510 |    822 |   1152 |    845 |   5 |  666.4 |
  Orcish Mines |   1411 |   1225 |    186 |    129 |    894 |   2 |  705.5 |
   Elven Halls |   3032 |   2810 |    222 |    360 |   1833 |   3 | 1010.7 |
        Vaults |   5440 |   4964 |    476 |    299 |   3584 |   4 | 1360.0 |
        Depths |   6925 |   5845 |   1080 |    475 |   4181 |   4 | 1731.2 |
           Zot |   9162 |   7601 |   1561 |   1929 |   4123 |   5 | 1832.4 |
      Gauntlet |    473 |    473 |      0 |      0 |    148 |   1 |  473.0 |
               +--------+--------+--------+--------+--------+-----+--------+

Top non-repeatable levels by time:
   Zot:5: 2955 daAuts
Depths:3: 2642 daAuts
   Zot:1: 2028 daAuts
   Zot:3: 1770 daAuts
 Slime:5: 1740 daAuts
Depths:2: 1708 daAuts
     D:6: 1680 daAuts
Spider:3: 1677 daAuts
Depths:4: 1637 daAuts
Vaults:3: 1631 daAuts
Vaults:2: 1499 daAuts
Spider:4: 1457 daAuts
     D:3: 1443 daAuts
   Zot:4: 1425 daAuts
Vaults:1: 1390 daAuts
